 Dungeon Crawl Stone Soup version 0.27.1-2-g3b301248ec (webtiles) character file.

Game seed: 10744349013275487890

77 cummra the Digger (level 4, -1/24 HPs)
             Began as a Gargoyle Earth Elementalist on Sept 25, 2021.
             Slain by an orc (2 damage)
             ... on level 2 of the Dungeon.
             The game lasted 00:03:48 (1934 turns).

cummra the Digger (Gargoyle Earth Elementalist)     Turns: 1934, Time: 00:03:49

Health: -1/24      AC:  6    Str: 12    XL:     4   Next: 34%
Magic:  7/8        EV: 11    Int: 16    God:
Gold:   51         SH:  0    Dex: 10    Spells: 8/9 levels left

rFire    . . .     SeeInvis .   e - +0 club
rCold    + . .     Faith    .   (no shield)
rNeg     + . .     Spirit   .   h - +1 robe {rC+}
rPois    ∞         Reflect  .   (no helmet)
rElec    +         Harm     .   (no cloak)
rCorr    .         Rampage  .   (no gloves)
Will     .....                  (no boots)
Stlth    ++........             (no amulet)
HPRegen  0.08/turn              (no ring)
MPRegen  0.11/turn              (no ring)

@: no status effects
A: sickness immunity, AC +3, negative energy resistance 1, electricity
resistance, torment resistance 1, petrification resistance
a: no special abilities


You were on level 2 of the Dungeon.
You visited 1 branch of the dungeon, and saw 2 of its levels.

You collected 51 gold pieces.

Inventory:

Hand Weapons
 e - a +0 club (weapon)
Armour
 h - a +1 robe of cold resistance (worn)
Scrolls
 a - 3 scrolls of identify
 g - a scroll of magic mapping {unknown}
Potions
 d - a potion of curing {unknown}
 f - a potion of haste {unknown}


   Skills:
 - Level 1.5 Dodging
 - Level 2.1 Stealth
 + Level 3.2 Spellcasting
 - Level 0.7 Transmutations
 + Level 5.0 Earth Magic


You had 8 spell levels left.
You knew the following spells:

 Your Spells              Type           Power      Damage    Failure   Level
a - Sandblast             Erth           36%        2d10      2%          1

Your spell library contained the following spells:

 Spells                   Type           Power      Damage    Failure   Level
 Passwall                 Tmut/Erth      9%         N/A       9%          2
 Stone Arrow              Conj/Erth      20%        3d8       21%         3
 Petrify                  Tmut/Erth      11%        N/A       50%         4


Dungeon Overview and Level Annotations

Branches:
Dungeon (2/15)

Altars:


Innate Abilities, Weirdness & Mutations

You are immune to sickness and miasma.
Your stone body is resilient. (AC +3)
You are immune to poison.
You resist negative energy. (rN+)
You are resistant to electric shocks. (rElec)
You are resistant to unholy torment.
You are immune to petrification.


Message History

The goblin is almost dead.
The goblin closely misses you.
The orc hits you from afar with a +0 trident.
The goblin hits you but does no damage.
You hit the goblin but do no damage.
The goblin is almost dead.
The orc hits you from afar with a +0 trident.
The goblin hits you with a +1 dagger of venom.
* * * LOW HITPOINT WARNING * * *
The orc closely misses you. The goblin barely misses you.
You hit the orc but do no damage.
The orc is heavily wounded.
The orc hits you with a +0 trident.
* * * LOW HITPOINT WARNING * * *
The goblin closely misses you.
You barely miss the orc.
The orc is heavily wounded.
The orc barely misses you. The goblin barely misses you. The orc misses you.
The goblin barely misses you.
You hit the orc but do no damage.
The orc is heavily wounded.
The orc hits you but does no damage. The goblin hits you but does no damage.
You closely miss the orc.
The orc is heavily wounded.
The orc hits you with a +0 trident.
* * * LOW HITPOINT WARNING * * *
The goblin barely misses you.
You hit the orc.
The orc is severely wounded.
The orc barely misses you. The goblin misses you.
The orc hits you but does no damage. The goblin completely misses you.
You closely miss the orc.
The orc is severely wounded.
The orc barely misses you.
The goblin hits you with a +1 dagger of venom.
* * * LOW HITPOINT WARNING * * *
You barely miss the orc.
The orc is severely wounded.
The orc hits you with a +0 trident.
You die...

#......# #####
####......####### .....
#...............#
......#.##.....######.#
......#.#########.....###
......'.........'........
......#'#########.....###
+###......#######.....###
>..'....@o'.............#
####...g..###########....
#......# ########.).#
#......# .......#÷...
#......# . #.....)
##...... ....###......
#...................#
.........#.#####[...# ..
.#......#####


You could see an orc and a goblin.

Vanquished Creatures
  An orc wizard (D:2)
  2 adders (D:2)
  2 dart slugs (D:1)
  2 orcs (D:2)
  A ball python (D:1)
  2 bats
  3 endoplasms
  2 giant cockroaches (D:1)
  2 goblins (D:1)
  A hobgoblin (D:1)
  5 kobolds
  2 quokkas
  2 rats (D:2)
27 creatures vanquished.

Vanquished Creatures (others)
  3 plants (D:1)
3 creatures vanquished.

Grand Total: 30 creatures vanquished

Notes
Turn   | Place    | Note
-------+----------+-------------------------------------------
     0 | D:1      | cummra the Gargoyle Earth Elementalist began the quest for
                  | the Orb.
     0 | D:1      | Reached XP level 1. HP: 10/10 MP: 3/3
   354 | D:1      | Reached XP level 2. HP: 13/15 MP: 5/5
   405 | D:1      | Reached skill level 4 in Earth Magic
   613 | D:1      | Found a faded altar of an unknown god.
  1107 | D:2      | Reached XP level 3. HP: 19/19 MP: 4/6
  1621 | D:2      | Reached XP level 4. HP: 11/24 MP: 6/8
  1622 | D:2      | Reached skill level 5 in Earth Magic
  1933 | D:2      | HP: 1/24 [goblin (2)]
  1934 | D:2      | Slain by an orc

Illustrated notes

Levels and vault maps discovered:
D:1:      lightli_arrival_isolated_outpost, layout_loops_ring, serial_forest,
          infiniplex_forest_lined_ring, infiniplex_forest_clump_cross,
          infiniplex_forest_lined_corner, infiniplex_forest_straight_2,
          infiniplex_forest_end_2, infiniplex_forest_clump_tiny,
          infiniplex_forest_end_3, dreamdust_ecumenical_altar_angels_and_demons
D:2:      layout_basic

Skill      XL: |  1  2  3  4 |
---------------+-------------+-----
Earth Magic    | 4 5 |  5.0
Spellcasting   | 3 |  3.2
Dodging        | |  1.5
Stealth        | |  2.1
Transmutations | |  0.7

Action                   |  1- 3 |  4- 6 || total
-------------------------+-------+-------++-------
Melee: Unarmed           |    37 |       ||    37
       Club              |    15 |    22 ||    37
 Cast: Sandblast         |    25 |     5 ||    30
  Use: Scroll            |     2 |       ||     2
Armor: Robe              |    23 |    10 ||    33
Dodge: Dodged            |    32 |    24 ||    56
